 Dungeon Crawl Stone Soup version 0.26.1-2-gb8aa6d0cf2 (webtiles) character file.

Game seed: 10935425165258008868

227 Mattiprrivan the Vandal (level 6, -12/47 HPs)
             Began as a Barachi Hunter on Mar 14, 2021.
             Mangled by an ogre
             ... wielding a +4 great mace
              (22 damage)
             ... on level 3 of the Dungeon.
             The game lasted 00:21:30 (1701 turns).

Mattiprrivan the Vandal (Barachi Hunter)            Turns: 1701, Time: 00:21:33

Health: -12/47     AC:  6    Str: 14    XL:     6   Next: 2%
Magic:  6/6        EV: 12    Int: 12    God:
Gold:   136        SH:  0    Dex: 13    Spells: 5/5 levels left

rFire    + . .     SeeInvis .   a - +1 hunting sling
rCold    . . .     Faith    .   (no shield)
rNeg     . . .     Spirit   .   c - +1 leather armour
rPois    .         Reflect  .   b - +0 helmet
rElec    .         Harm     .   e - +0 cloak
rCorr    .         Rampage  .   (no gloves)
Will     .....                  (no boots)
Stlth    ++........             (no amulet)
HPRegen  0.15/turn              j - ring of protection from fire
MPRegen  0.10/turn              (no ring)

@: slow
A: +LOS, swims, slowness 1, strong legs 1
a: Hop


You were on level 3 of the Dungeon.
You visited 1 branch of the dungeon, and saw 3 of its levels.

You collected 136 gold pieces.

Inventory:

Hand Weapons
 a - a +1 hunting sling (weapon)
 i - a +0 long sword
Missiles
 d - 22 sling bullets (quivered ammo)
 g - 32 poisoned darts
 h - 48 stones
Armour
 b - a +0 helmet (worn)
 c - a +1 leather armour (worn)
 e - a +0 cloak (worn)
Jewellery
 j - a ring of protection from fire (left hand)
Scrolls
 k - a scroll of teleportation


   Skills:
 * Level 3.1 Fighting
 * Level 1.4(1.5) Short Blades
 * Level 1.0(1.4) Long Blades
 * Level 5.5(5.6) Slings
 * Level 1.2(3.6) Throwing
 * Level 1.7 Armour
 * Level 2.9 Dodging
 * Level 1.6 Stealth
 * Level 0.4 Evocations


You had 5 spell levels left.
You didn't know any spells.
Your spell library was empty.

Dungeon Overview and Level Annotations

Branches:
Dungeon (3/15)

Altars:
Sif Muna

Annotations:
D:3 1 transporter


Innate Abilities, Weirdness & Mutations

You can be seen from farther away. (+LOS)
You can swim through water.
You cover ground slowly.
You can hop short distances.


Message History

Fire: 25 sling bullets
Press: ? - help, Q - select action, (/) - cycle Shift-Dir - straight line, f/p - ogre
Aim: an ogre, wielding a +4 great mace (moderately wounded, 76% to hit)
You shoot a sling bullet.
The sling bullet hits the ogre but does no damage.
The ogre is moderately wounded.
The ogre barely misses you.
Fire: 24 sling bullets
Press: ? - help, Q - select action, (/) - cycle Shift-Dir - straight line, f/p - ogre
Aim: an ogre, wielding a +4 great mace (moderately wounded, 76% to hit)
You shoot a sling bullet. The sling bullet hits the ogre.
The ogre is moderately wounded.
The ogre closely misses you.
Fire: 23 sling bullets
Press: ? - help, Q - select action, (/) - cycle Shift-Dir - straight line, f/p - ogre
Aim: an ogre, wielding a +4 great mace (moderately wounded, 76% to hit)
You shoot a sling bullet. The sling bullet hits the ogre!
The ogre is heavily wounded.
The ogre hits you with a +4 great mace!!
You die...

############# #©....©.O@..#
... #..##(..##..# .... #
#..#(#[.#.# ....
#.#..#(#..#.# ......######
#..##...##..#.............
##(....)(....#.... ####...
.###############.# ##.#.
.$..oo.©o©.....##.# #..#.
...###....#.l####.######.##.


You could see an ogre.

Vanquished Creatures
  The ghost of Descartes the Conjurer, an amateur DECj (D:3)
  Jessica (D:2)
  Robin (D:2)
  6 adders
  An ooze (D:1)
  A dart slug (D:1)
  3 leopard geckos
  4 bats
  3 giant cockroaches
  10 goblins
  9 hobgoblins
  4 jackals
  4 kobolds
  A quokka (D:2)
  5 frilled lizards
  4 rats
58 creatures vanquished.

Notes
Turn   | Place    | Note
-------+----------+-------------------------------------------
     0 | D:1      | Mattiprrivan the Barachi Hunter began the quest for the
                  | Orb.
     0 | D:1      | Reached XP level 1. HP: 17/17 MP: 1/1
   180 | D:1      | Reached XP level 2. HP: 23/23 MP: 2/2
   352 | D:1      | Reached skill level 1 in Stealth
   356 | D:1      | Reached XP level 3. HP: 28/28 MP: 3/3
   412 | D:1      | Reached skill level 1 in Armour
   696 | D:2      | Noticed Jessica
   700 | D:2      | Killed Jessica
   701 | D:2      | Reached XP level 4. HP: 34/34 MP: 4/4
  1017 | D:2      | Reached skill level 5 in Slings
  1130 | D:2      | Noticed Robin
  1140 | D:2      | Killed Robin
  1141 | D:2      | Reached skill level 1 in Short Blades
  1141 | D:2      | Reached XP level 5. HP: 40/40 MP: 5/5
  1429 | D:2      | Reached skill level 1 in Throwing
  1489 | D:2      | Found a shimmering blue altar of Sif Muna.
  1661 | D:3      | Found a transporter.
  1662 | D:3      | Noticed Descartes's ghost (amateur DECj)
  1667 | D:3      | Noticed an ogre
  1668 | D:3      | Found a transporter.
  1688 | D:3      | HP: 2/40 [ogre/+4 great mace (23)]
  1695 | D:3      | Killed Descartes's ghost
  1696 | D:3      | Reached skill level 1 in Long Blades
  1696 | D:3      | Reached XP level 6. HP: 16/47 MP: 6/6
  1701 | D:3      | Mangled by an ogre

Illustrated notes

Levels and vault maps discovered:
D:1:      ebering_trefoil_twist, layout_basic
D:2:      layout_loops_ring, led_sif_pool, uniq_jessica, uniq_robin
D:3:      layout_rooms, grunt_temple_overflow_open, gammafunk_ghost_smash,
          portal_sewer_entry_b, minmay_misc_feat_diagonals, uniq_terence,
          uniq_sigmund

Skill      XL: |  1  2  3  4  5 |
---------------+----------------+-----
Stealth        | 1 |  1.6
Armour         | 1 |  1.7
Slings         | 5 |  5.5
Short Blades   | 1 |  1.4
Throwing       | 1 |  1.2
Fighting       | 3 |  3.1
Long Blades    | 1 |  1.0
Dodging        | |  2.9
Evocations     | |  0.4

Action                   |  1- 3 |  4- 6 || total
-------------------------+-------+-------++-------
 Fire: Hunting sling     |    72 |   122 ||   194
 Abil: Hop               |     1 |       ||     1
Evoke: Wand              |       |     5 ||     5
  Use: Scroll            |     3 |     4 ||     7
       Potion            |     1 |     3 ||     4
Armor: Leather armour    |     4 |    13 ||    17
Dodge: Dodged            |    17 |    25 ||    42
